 Dungeon Crawl Stone Soup version 0.29-a0-409-gd843f3a48c (webtiles) character file.

Game seed: 3429341387862663142

85 spaghetti the Ducker (level 4, -1/38 HPs)
             Began as a Gnoll Wanderer on May 13, 2022.
             Was a Plaything of Xom.
             Slain by an orc priest
             ... wielding a +3 short sword
              (3 damage)
             ... on level 3 of the Dungeon.
             The game lasted 00:05:04 (2855 turns).

spaghetti the Ducker (Gnoll Wanderer)               Turns: 2855, Time: 00:05:04

Health: -1/38      AC:  3    Str: 10    XL:     4   Next: 48%
Magic:  0/8        EV: 13    Int: 22    God:    Xom [...*..]
Gold:   101        SH:  0    Dex:  8    Spells: 4/9 levels left

rFire   . . .      SeeInvis .   a - +2 dagger {short}
rCold   . . .      Faith    .   (no shield)
rNeg    . . .      Spirit   +   e - +0 robe
rPois   .          Reflect  .   (helmet currently unavailable)
rElec   .          Harm     .   (no cloak)
rCorr   .          Rampage  .   (no gloves)
Will    .....                   (boots currently unavailable)
Stlth   ..........              l - amulet of guardian spirit
HPRegen 0.12/turn               q - +6 ring of intelligence
MPRegen 0.11/turn               (no ring)

@: brilliant, appendages (expiring), silenced
A: horns 2, talons 2, fangs 1, strong nose, distributed training, clumsy 1,
shaggy fur 1, evolution 1
a: End Transformation, Renounce Religion


You were on level 3 of the Dungeon.
You worshipped Xom.
You were a favourite toy of Xom.
You had temporarily grown beastly horns and talons.
You visited 1 branch of the dungeon, and saw 3 of its levels.

You collected 101 gold pieces.


Innate Abilities, Weirdness & Mutations

You have temporarily grown beastly horns and talons.
You have very sharp teeth.
Your uncanny sense of smell can sniff out nearby items.
Your experience applies equally to all skills.
You are clumsy. (Dex -2)
You are covered in fur. (AC +1)
You have hidden genetic potential.


   Skills:
 + Level 4.6 Fighting
 + Level 1.1 Short Blades
 + Level 1.1 Long Blades
 + Level 1.1 Axes
 + Level 1.1 Maces & Flails
 + Level 1.1 Polearms
 + Level 1.1 Staves
 + Level 1.1 Slings
 + Level 1.1 Bows
 + Level 1.1 Crossbows
 + Level 6.6 Throwing
 + Level 1.1 Armour
 + Level 6.6 Dodging
 + Level 1.1 Stealth
 + Level 1.1 Shields
 + Level 1.1 Unarmed Combat
 + Level 3.0 Spellcasting
 + Level 0.9 Conjurations
 + Level 0.9 Hexes
 + Level 0.9 Summonings
 + Level 0.9 Necromancy
 + Level 0.9 Translocations
 + Level 2.2 Transmutations
 + Level 0.9 Fire Magic
 + Level 0.9 Ice Magic
 + Level 0.9 Air Magic
 + Level 0.9 Earth Magic
 + Level 0.9 Poison Magic
 + Level 1.2 Invocations
 + Level 1.1 Evocations


You had 4 spell levels left.
You knew the following spells:

 Your Spells              Type           Power      Damage    Failure   Level
a - Beastly Appendage     Tmut           38%        N/A       4%          1
b - Ignite Poison         Fire/Tmut/Pois 14%        N/A       22%         3
c - Foxfire               Conj/Fire      44%        2x1d6     9%          1

Your spell library contained the following spells:

 Spells                   Type           Power      Damage    Failure   Level
 Conjure Flame            Conj/Fire      11%        6-21      26%         3
 Inner Flame              Hex/Fire       11%        N/A       26%         3
 Flame Wave               Conj/Fire      11%        2d5       63%         4

Inventory:

Hand Weapons
 a - a +2 dagger (weapon) {short}
 b - a +0 flail {mace}
   (You took it off an orc on level 3 of the Dungeon)
Missiles
 i - 50 stones (quivered) {throwing}
 s - 3 poisoned darts {throwing}
Armour
 c - a +0 pair of boots (melded)
 e - a +0 robe (worn)
 m - a +0 plate armour of cold resistance
   (You found it on level 2 of the Dungeon)
 n - a +0 chain mail
   (You found it on level 2 of the Dungeon)
Jewellery
 l - an amulet of guardian spirit (around neck)
   (You found it on level 1 of the Dungeon)
 q - a +6 ring of intelligence (left hand)
   (You found it on level 2 of the Dungeon)
Scrolls
 f - a scroll of vulnerability {unknown}
 g - a scroll of enchant weapon {unknown}
 o - 2 scrolls of identify {unknown}
 p - a scroll of noise {unknown}
 r - a scroll of fog {unknown}
 t - a scroll of blinking {unknown}

Dungeon Overview and Level Annotations

Branches:
Dungeon (3/15)

Altars:
Ru
Xom

##############
#...†.....@o.#
∆
#.##########.#
#.###
#..).......
#.#..
....#o######.
#.#.#######...
#.#.#.. ..#
#.#.#.# ##.#
#.#.#.######.#
#....>....##.#


You could see an orc priest.


Message History

😨 HP[+4]
You regained 4 hp, and now have 18/38 hp.
It was a potion of mutation.
You feel extremely strange.
You feel a hidden potential growing inside you.
You feel clumsy. Fur sprouts all over your body.
Xom thinks this is hilarious!
The orc priest looks braver for a moment.
The orc closely misses you.
You feel better. The orc closely misses you.
The orc priest looks satisfied for a moment. 😮 HP[+5]
You regained 5 hp, and now have 23/38 hp.
You aren't carrying any items that you can evoke.
Unknown command.
Throw: 2 darts (curare) {=fthrowing}
Press: ? - help, Q - select action, (/) - cycle Shift-Dir - straight line, f - orc
Aim: an orc, wielding a +0 flail (severely wounded, 60% to hit)
You throw a curare-tipped dart {=fthrowing}.
The curare-tipped dart {=fthrowing} barely misses the orc.
The curare-tipped dart {=fthrowing} hits the orc.
The orc is poisoned.
The orc convulses.
The orc seems to slow down.
The orc barely misses you.
Throw: dart (curare) {=fthrowing}
Press: ? - help, Q - select action, (/) - cycle Shift-Dir - straight line, f/p - orc
Aim: an orc, wielding a +0 flail (severely wounded, 60% to hit)
You throw a curare-tipped dart {=fthrowing}.
The curare-tipped dart {=fthrowing} barely misses the orc.
The curare-tipped dart {=fthrowing} closely misses the orc.
The curare-tipped dart {=fthrowing} barely misses the orc priest.
The orc priest begins to cast a cantrip, but forgets the words!
The orc hits you with a +0 flail!
* * * LOW HITPOINT WARNING * * *
😨 HP[-8] MP[-1]
You take 8 damage, and now have 15/38 hp.
MASSIVE DAMAGE!! (PAUSE)
You lost 1 mp, and now have 1/8 mp.
Unknown command.
You aren't carrying any potions.
Really read
d - a scroll of silence {!r}?
As you read the scroll of silence {!r}, it crumbles to dust.
A profound silence engulfs you.
You kill the orc!
The orc barely misses you.
Unknown command.
You barely miss the orc. You claw the orc.
You kill the orc!
The orc priest hits you with a +3 short sword.
* * * LOW HITPOINT WARNING * * *
You see here a +0 flail {mace}.
You hit the orc priest.
The orc priest hits you with a +3 short sword.
* * * LOW HITPOINT WARNING * * *
😨 HP[-1] MP[-1]
You take 1 damage, and now have 14/38 hp.
You lost 1 mp, and now have 0/8 mp.
You barely miss the orc priest.
Your transformation is almost over.
The orc priest hits you with a +3 short sword.
* * * LOW HITPOINT WARNING * * *
😨 HP[-1] MP[+1]
You take 1 damage, and now have 13/38 hp.
Unknown command.
You hit the orc priest. The orc priest closely misses you.
You closely miss the orc priest. You headbutt the orc priest.
The orc priest hits you with a +3 short sword.
* * * LOW HITPOINT WARNING * * *
😱 HP[-4]
You take 4 damage, and now have 9/38 hp.
Unknown command.
Unknown command.
You barely miss the orc priest. Your headbutt misses the orc priest.
Your bite misses the orc priest. The orc priest barely misses you.
You hit the orc priest but do no damage.
Your kick misses the orc priest.
The orc priest hits you with a +3 short sword.
* * * LOW HITPOINT WARNING * * *
😱 HP[-2]
You take 2 damage, and now have 7/38 hp.
b - a +0 flail {mace} The orc priest misses you.
Okay, then.
You aren't carrying any potions.
Magic scrolls do not work when you're silenced!
You hit the orc priest but do no damage.
The orc priest hits you with a +3 short sword!
* * * LOW HITPOINT WARNING * * *
😱 HP[-6] MP[-1]
You take 6 damage, and now have 1/38 hp.
You lost 1 mp, and now have 0/8 mp.
Unknown command.
You aren't carrying any potions.
Unknown command.
Magic scrolls do not work when you're silenced!
Unknown command.
You barely miss the orc priest.
The orc priest closely misses you. 😱 HP[+1]
You hit the orc priest. Your headbutt misses the orc priest.
The orc priest hits you with a +3 short sword.
You die...

Skill      XL: |  1  2  3  4 |
---------------+-------------+-----
Transmutations | 2 |  2.2
Invocations    | 1 |  1.2
Short Blades   | 1 |  1.1
Long Blades    | 1 |  1.1
Axes           | 1 |  1.1
Maces & Flails | 1 |  1.1
Polearms       | 1 |  1.1
Staves         | 1 |  1.1
Slings         | 1 |  1.1
Bows           | 1 |  1.1
Crossbows      | 1 |  1.1
Armour         | 1 |  1.1
Stealth        | 1 |  1.1
Shields        | 1 |  1.1
Unarmed Combat | 1 |  1.1
Evocations     | 1 |  1.1
Spellcasting   | 3 |  3.0
Fighting       | |  4.6
Throwing       | |  6.6
Dodging        | |  6.6
Conjurations   | |  0.9
Hexes          | |  0.9
Summonings     | |  0.9
Necromancy     | |  0.9
Translocations | |  0.9
Fire Magic     | |  0.9
Ice Magic      | |  0.9
Air Magic      | |  0.9
Earth Magic    | |  0.9
Poison Magic   | |  0.9

Action                   |  1- 3 |  4- 6 || total
-------------------------+-------+-------++-------
Melee: Dagger            |    90 |    19 ||   109
       Bite              |    14 |     2 ||    16
       Headbutt          |     1 |     1 ||     2
       Punch             |     1 |       ||     1
       Kick              |       |     1 ||     1
Throw: Dart              |       |     2 ||     2
 Cast: Beastly Appendage |     2 |     1 ||     3
       Foxfire           |    20 |    20 ||    40
  Use: Potion            |       |     4 ||     4
       Scroll            |       |     1 ||     1
 Stab: Sleeping          |     1 |     1 ||     2
Armor: Robe              |    31 |     1 ||    32
Dodge: Dodged            |    68 |    23 ||    91

Levels and vault maps discovered:
D:1:      minmay_arrival_arboretum_large, layout_basic, basic_ecumenical_altar,
          st_stairs_14
D:2:      layout_basic, basic_altar, nicolae_concentric_dashed_squares_mild,
          kennysheep_generic_room_11
D:3:      cheibrodos_greedy_goblins, layout_loops_ring, minitemple,
          vehumet_statue, minmay_surrounded, uniq_sigmund

Notes
Turn   | Place    | Note
-------+----------+-------------------------------------------
     0 | D:1      | spaghetti the Gnoll Wanderer began the quest for the Orb.
     0 | D:1      | spaghetti set off with the following items: a +2 dagger
                  | {short}, 2 curare-tipped darts {=fthrowing}, a +0 pair of
                  | boots, a scroll of silence {!r}, a +0 robe; and the
                  | following spell memorised: Beastly Appendage; and the
                  | following spells available to memorise: Ignite Poison
     0 | D:1      | Reached XP level 1. HP: 20/20 MP: 4/4
     0 | D:1      | magus.rc [v1.9.6]
   251 | D:1      | Reached skill level 2 in Transmutations
   356 | D:1      | Reached XP level 2. HP: 25/26 MP: 5/5
   572 | D:1      | Found a faded altar of an unknown god.
   577 | D:1      | Prayed at the altar of an unknown god.
   577 | D:1      | Became a worshipper of Xom of Chaos
  1228 | D:2      | XOM: silly message
  1293 | D:2      | Reached XP level 3. HP: 15/31 MP: 4/7
  1301 | D:2      | Learned a level 3 spell: Ignite Poison
  1471 | D:2      | Found a sacrificial altar of Ru.
  1495 | D:2      | You pick up a book of Flames and begin reading...
  1495 | D:2      | You add the spells Foxfire, Conjure Flame, Inner Flame and
                  | Flame Wave to your library.
  1528 | D:2      | Learned a level 1 spell: Foxfire
  1664 | D:2      | Reached skill level 1 in Invocations
  1721 | D:2      | XOM: silly message
  1968 | D:2      | XOM: silly message
  1998 | D:2      | XOM: cast spell 'Dispersal'
  2003 | D:2      | Reached skill level 1 in Short Blades
  2003 | D:2      | Reached skill level 1 in Long Blades
  2003 | D:2      | Reached skill level 1 in Axes
  2003 | D:2      | Reached skill level 1 in Maces & Flails
  2003 | D:2      | Reached skill level 1 in Polearms
  2003 | D:2      | Reached skill level 1 in Staves
  2003 | D:2      | Reached skill level 1 in Slings
  2003 | D:2      | Reached skill level 1 in Bows
  2003 | D:2      | Reached skill level 1 in Crossbows
  2003 | D:2      | Reached skill level 1 in Armour
  2003 | D:2      | Reached skill level 1 in Stealth
  2003 | D:2      | Reached skill level 1 in Shields
  2003 | D:2      | Reached skill level 1 in Unarmed Combat
  2003 | D:2      | Reached skill level 1 in Evocations
  2003 | D:2      | Reached XP level 4. HP: 36/38 MP: 3/8
  2149 | D:2      | XOM: 2-stop teleportation journey
  2760 | D:3      | Reached skill level 3 in Spellcasting
  2839 | D:3      | Gained mutation: You have hidden genetic potential. [potion
                  | of mutation]
  2839 | D:3      | Gained mutation: You are clumsy. (Dex -2) [potion of
                  | mutation]
  2839 | D:3      | Gained mutation: You are covered in fur. (AC +1) [potion of
                  | mutation]
  2849 | D:3      | HP: 9/38 [orc priest/+3 short sword (4)]
  2853 | D:3      | HP: 1/38 [orc priest/+3 short sword (6)]
  2855 | D:3      | Slain by an orc priest

Vanquished Creatures
  3 adders
  3 worms (D:2)
  A dart slug (D:2)
  3 orcs (D:3)
  3 ball pythons
  2 endoplasms
  3 giant cockroaches
  A goblin (D:1)
  7 hobgoblins
  4 jackals (D:2)
  A kobold (D:1)
  6 bats
  A frilled lizard (D:2)
  6 rats
44 creatures vanquished.

Vanquished Creatures (others)
  68 foxfires
68 creatures vanquished.

Grand Total: 112 creatures vanquished

Table legend:
 A = Non-vault XP
 B = Vault XP
 C = Vault XP percentage of total XP
 D = Non-vault monster count
 E = Vault monster count
 F = Vault count percentage of total count
                 A         B        C        D         E       F
            +---------+---------+-------+---------+---------+-------
      Total |     119 |       3 |   2.5 |      42 |       2 |   4.5
            +---------+---------+-------+---------+---------+-------
        D:1 |      20 |       2 |   9.1 |      14 |       1 |   6.7
        D:2 |      74 |       1 |   1.3 |      22 |       1 |   4.3
        D:3 |      25 |       0 |   0.0 |       6 |       0 |   0.0
            +---------+---------+-------+---------+---------+-------

Illustrated notes

Table legend:
 A = Kills in this place as a percentage of kills in entire the game.
 B = Kills by you in this place as a percentage of kills by you in the entire game.
 C = Kills by friends in this place as a percentage of kills by friends in the entire game.
 D = Other kills in this place as a percentage of other kills in the entire game.
 E = Experience gained in this place as a percentage of experience gained in the entire game.
 F = Experience gained in this place divided by the number of levels of this place that you have seen.
                   A       B       C       D       E      F
               +-------+-------+-------+-------+-------+----------------------
         Total | 100.0 | 100.0 |   N/A |   N/A | 100.0 |  40.7
       Dungeon | 100.0 | 100.0 |   N/A |   N/A | 100.0 |  40.7
               +-------+-------+-------+-------+-------+----------------------

Table legend: (Time is in decaauts)
 A = Elapsed time spent in this place.
 B = Non-inter-level travel time spent in this place.
 C = Inter-level travel time spent in this place.
 D = Time resting spent in this place.
 E = Time spent auto-exploring this place.
 F = Levels seen in this place.
 G = Mean time per level.
                   A        B        C        D        E       F      G
               +--------+--------+--------+--------+--------+-----+--------+
         Total |   2850 |   2737 |    113 |      0 |   2388 |   3 |  950.0 |
       Dungeon |   2850 |   2737 |    113 |      0 |   2388 |   3 |  950.0 |
               +--------+--------+--------+--------+--------+-----+--------+

Top non-repeatable levels by time:
     D:2: 1763 daAuts
     D:1: 959 daAuts
     D:3: 127 daAuts
